 Seeded DCSS version 0.32-a0-938-g40ac7a0 (webtiles) character file.

Game seed: 1459695861311278033 (custom seed)

778461 tlatlagkaus the Metallomancer (level 27, -14/201 HPs)
             Began as a Vampire Hunter on Apr 15, 2024.
             Was the Champion of Vehumet.
             Demolished by Jeur the pandemonium lord (18 damage)
             ... on level 21 of a ziggurat on Apr 16, 2024.
             The game lasted 08:16:43 (30418 turns).

tlatlagkaus the Metallomancer (Vampire Hunter)     Turns: 30418, Time: 08:16:44

Health: -14/201    AC: 21    Str: 15      XL:     27
Magic:  26/60      EV: 17    Int: 46 (47) God:    Vehumet [******]
Gold:   6776       SH:  9    Dex: 25      Spells: 2/72 levels left

rFire   + + .        a - staff of Basyzi Warchi {Int+4 Earth Alchemy}
rCold   + + +        T - +3 buckler {rF+}
rNeg    + + .        q - +5 ring mail of the Original Sin {+Inv Regen+ Str+3}
rPois   .            X - +3 hat of Pondering {ponderous, Will+ MP+10 Int+5}
rElec   +            g - scarf {repulsion}
rCorr   +            z - +2 pair of gloves of Wisdom {Str+5}
SInv    +            S - +2 pair of boots of Good Intentions {rC+ rCorr}
Will    ++++.        I - amulet "Cuytwiri" {rF+ RegenMP+ Str-5 Int+8 SInv}
Stlth   ++           W - ring "Naaheom" {Wiz *Corrode ^Drain rElec rN++ Int+5}
HPRegen 1.53/turn    e - ring of the Philosopher {rC++ Will+ Int+6 Dex+3}
MPRegen 0.77/turn

%: corrode self (3%), repel missiles, wizardry (x1)
@: silenced (expiring), healing quickly, hasted, studying 4 skills, very quick
A: alive, fangs 3, see invisible, vampiric 2, wild magic 1
}: 5/15 runes: decaying, slimy, silver, golden, gossamer
a: Exsanguinate, Renounce Religion, Evoke Invisibility


You were on level 21 of a ziggurat.
You worshipped Vehumet.
Vehumet was exalted by your worship.
You visited 11 branches of the dungeon, and saw 50 of its levels.
You visited 1 ziggurat, and saw 21 of its levels.
You also visited: Gauntlet and Wizlab.

You collected 10335 gold pieces.
You spent 3559 gold pieces at shops.

Inventory:

Hand Weapons
 D - the +6 falchion "Taymn" {heavy, rF+ rCorr Dex+6}
   (You found it on level 3 of the Lair of Beasts)

   Dex+6:     It affects your dexterity (+6).
   rF+:       It protects you from fire.
   rCorr:     It protects you from acid and corrosion.
Missiles
 h - 8 curare-tipped darts (quivered)
 Y - 8 throwing nets
Armour
 g - a scarf of repulsion (worn)
 q - the +5 ring mail of the Original Sin (worn) {+Inv Regen+ Str+3}
   (You found it on level 3 of the Elven Halls)

   Str+3:     It affects your strength (+3).
   +Inv:      It lets you turn invisible.
   Regen+:    It increases your rate of health regeneration.
 s - a +3 buckler of cold resistance
 x - a +2 cloak of willpower
 z - the +2 pair of gloves of Wisdom (worn) {Str+5}
   (You acquired it on level 3 of a ziggurat)

   Str+5:     It affects your strength (+5).
 S - the +2 pair of boots of Good Intentions (worn) {rC+ rCorr}
   (You found it on level 5 of the Pits of Slime)

   rC+:       It protects you from cold.
   rCorr:     It protects you from acid and corrosion.
 T - a +3 buckler of fire resistance (worn)
 X - the +3 hat of Pondering (worn) {ponderous, Will+ MP+10 Int+5}
   (You bought it in a shop on level 3 of the Elven Halls)

   Int+5:     It affects your intelligence (+5).
   Will+:     It increases your willpower.
   MP+10:     It affects your magic capacity (+10).
Magical Staves
 a - the staff of Basyzi Warchi (weapon) {Int+4 Earth Alchemy}
   (You found it on level 3 of the Elven Halls)

   [staff of earth]

   Base accuracy: +5 Base damage: 5 Base attack delay: 1.2 This weapon's minimum
   attack delay (0.6) is reached at skill level 12.
   Int+4:     It affects your intelligence (+4).
   Earth:     It increases the power of your Earth spells.
   Alchemy:   It increases the power of your Alchemy spells.
   It falls into the 'Staves' category.
   It is a one-handed weapon.
 i - the staff "Udduenok" {rF+ rN+ Str+3 SInv Earth}
   (You found it on level 3 of the Elven Halls)

   [staff of earth]

   Base accuracy: +5 Base damage: 5 Base attack delay: 1.2 This weapon's minimum
   attack delay (0.6) is reached at skill level 12.
   Str+3:     It affects your strength (+3).
   rF+:       It protects you from fire.
   rN+:       It protects you from negative energy.
   SInv:      It lets you see invisible.
   Earth:     It increases the power of your Earth spells.
   It falls into the 'Staves' category.
   It is a one-handed weapon.
 B - a staff of air
Jewellery
 d - a +4 ring of slaying
 e - the ring of the Philosopher (right hand) {rC++ Will+ Int+6 Dex+3}
   (You acquired it on level 8 of the Dungeon)

   [ring of intelligence]

   Int+6:     It affects your intelligence (+6).
   Dex+3:     It affects your dexterity (+3).
   rC++:      It greatly protects you from cold.
   Will+:     It increases your willpower.
 n - a ring of flight
 w - a ring of willpower
 I - the amulet "Cuytwiri" (around neck) {rF+ RegenMP+ Str-5 Int+8 SInv}
   (You took it off a deep elf archer on level 3 of the Elven Halls)

   [amulet of magic regeneration]

   It increases your rate of magic regeneration.
   Str-5:     It affects your strength (-5).
   Int+8:     It affects your intelligence (+8).
   rF+:       It protects you from fire.
   SInv:      It lets you see invisible.
   RegenMP+:  It increases your rate of magic regeneration.
 J - the ring "Tymee" {Wiz rPois rF+ rN+}
   (You found it on level 9 of a ziggurat)

   [ring of wizardry]

   Wiz:       It improves your spell success rate.
   rF+:       It protects you from fire.
   rPois:     It protects you from poison.
   rN+:       It protects you from negative energy.
 R - the ring "Iruzot" {MP+9 Int+5}
   (You took it off a deep elf death mage on level 3 of the Elven Halls)

   [ring of magical power]

   Int+5:     It affects your intelligence (+5).
   MP+9:      It affects your magic capacity (+9).
 W - the ring "Naaheom" (left hand) {Wiz *Corrode ^Drain rElec rN++ Int+5}
   (You found it on level 3 of the Crypt)

   [ring of wizardry]

   Wiz:       It improves your spell success rate.
   Int+5:     It affects your intelligence (+5).
   rElec:     It insulates you from electricity.
   rN++:      It greatly protects you from negative energy.
   *Corrode:  It may corrode you when you take damage.
   ^Drain:    It drains your maximum health when unequipped.
Wands
 b - a wand of digging (7)
 f - a wand of acid (28)
 U - a wand of roots (73)
Scrolls
 o - 12 scrolls of immolation
 p - 5 scrolls of torment
 r - 33 scrolls of teleportation
 t - 4 scrolls of amnesia
 y - 7 scrolls of revelation
 C - 3 scrolls of butterflies
 G - 3 scrolls of enchant armour
 H - 14 scrolls of fog
 P - 7 scrolls of fear
 Q - 4 scrolls of blinking
Potions
 j - 4 potions of enlightenment
 l - 8 potions of ambrosia
 m - 7 potions of haste
 u - 17 potions of curing
 v - 5 potions of brilliance
 A - 6 potions of magic
 E - 4 potions of cancellation
 F - 5 potions of invisibility
 L - 6 potions of resistance
 V - 10 potions of heal wounds
 Z - 21 potions of mutation
Miscellaneous
 c - a Gell's gravitambourine (2/2)
 k - a tin of tremorstones (2/2)
 K - a lightning rod (4/4)


   Skills:
 + Level 13.1 Fighting
 - Level 3.2 Ranged Weapons
 - Level 6.4 Armour
 - Level 10.0 Dodging
 - Level 4.0 Stealth
 - Level 5.0 Shields
 - Level 23.0 Spellcasting
 - Level 8.0 Conjurations
 - Level 5.0 Hexes
 - Level 15.0 Necromancy
 - Level 3.0 Translocations
 - Level 17.2 Fire Magic
 - Level 10.9 Ice Magic
 - Level 10.0 Air Magic
 - Level 25.0 Earth Magic
 - Level 10.0 Alchemy
 - Level 10.0 Evocations


You had 2 spell levels left.
You knew the following spells:

 Your Spells              Type           Power      Damage    Failure   Level
a - Bombard               Conj/Erth      79%        9d13      1%          6
b - Irradiate             Conj/Alch      66%        3d33      1%          5
c - Blink                 Tloc           100%       N/A       1%          2
d - Borgnjor's Vile Clut  Necr/Erth      83%        N/A       1%          5
e - Apportation           Tloc           100%       N/A       1%          1
f - Lehudib's Crystal Sp  Conj/Erth      79%        10d18     1%          8
g - Sublimation of Blood  Necr           100%       N/A       1%          2
h - Infestation           Necr           64%        N/A       6%          8
i - Ozocubu's Armour      Ice            100%       N/A       1%          3
j - Yara's Violent Unrav  Hex/Alch       63%        3d24      1%          5
k - Ignition              Fire           67%        3d18      1%          8
l - Shatter               Erth           89%        3d64*     1%          9
m - Maxwell's Capacitive  Air            56%        ∞         10%         8

Your spell library contained the following spells:

 Spells                   Type           Power      Damage    Failure   Level
 Chain Lightning          Conj/Air       54%        3d72      80%         9
 Foxfire                  Conj/Fire      100%       2x1d9     1%          1
 Freeze                   Ice            100%       1d10      1%          1
 Kiss of Death            Conj/Necr      100%       2d13      1%          1
 Magic Dart               Conj           100%       1d8       1%          1
 Necrotise                Necr           100%       1d9       1%          1
 Sandblast                Erth           100%       2d20      1%          1
 Shock                    Conj/Air       100%       1d9       1%          1
 Slow                     Hex            100%       N/A       1%          1
 Sting                    Conj/Alch      100%       1d9       1%          1
 Summon Small Mammal      Summ           100%       N/A       1%          1
 Call Imp                 Summ           100%       N/A       1%          2
 Cigotuvi's Dreadful Rot  Necr/Alch/Air  100%       N/A       1%          2
 Ensorcelled Hibernation  Hex/Ice        100%       N/A       1%          2
 Jinxbite                 Hex            100%       N/A       1%          2
 Lesser Beckoning         Tloc           100%       N/A       1%          2
 Mercury Vapours          Alch/Air       100%       N/A       1%          2
 Momentum Strike          Conj/Tloc      100%       3d10      1%          2
 Scorch                   Fire           100%       2d9       1%          2
 Searing Ray              Conj           100%       2d8       1%          2
 Call Canine Familiar     Summ           62%        N/A       1%          3
 Confusing Touch          Hex            91%        N/A       1%          3
 Dazzling Flash           Conj/Hex       100%       N/A       1%          3
 Frozen Ramparts          Ice            100%       1d16      1%          3
 Fugue of the Fallen      Necr           100%       N/A       1%          3
 Hailstorm                Conj/Ice       100%       3d16      1%          3
 Inner Flame              Hex/Fire       100%       N/A       1%          3
 Maxwell's Portable Pile  Tloc           81%        2d(13-37) 1%          3
 Mephitic Cloud           Conj/Alch/Air  100%       N/A       1%          3
 Passwall                 Erth           100%       N/A       1%          3
 Sigil of Binding         Hex            91%        N/A       1%          3
 Stone Arrow              Conj/Erth      100%       3d13      1%          3
 Swiftness                Air            100%       N/A       1%          3
 Teleport Other           Tloc           81%        N/A       1%          3
 Tukima's Dance           Hex            91%        N/A       1%          3
 Vampiric Draining        Necr           100%       2d13      1%          3
 Volatile Blastmotes      Fire/Tloc      100%       2d18      1%          3
 Airstrike                Air            56%        2d(8-24)  1%          4
 Anguish                  Hex/Necr       56%        N/A       1%          4
 Animate Armour           Summ/Erth      100%       N/A       1%          4
 Animate Dead             Necr           100%       N/A       1%          4
 Brom's Barrelling Bould  Conj/Erth      100%       2d11      1%          4
 Cause Fear               Hex            45%        N/A       1%          4
 Dimensional Bullseye     Hex/Tloc       43%        N/A       1%          4
 Dispel Undead            Necr           100%       3d31      1%          4
 Flame Wave               Conj/Fire      100%       2d21      1%          4
 Fulminant Prism          Conj/Alch      66%        3d28      1%          4
 Ignite Poison            Fire/Alch      100%       N/A       1%          4
 Iskenderun's Mystic Bla  Conj/Tloc      94%        2d18      (+2d11%     4
 Leda's Liquefaction      Alch/Erth      93%        N/A       1%          4
 Martyr's Knell           Necr/Summ      100%       N/A       1%          4
 Passage of Golubria      Tloc           81%        N/A       1%          4
 Petrify                  Alch/Erth      100%       N/A       1%          4
 Sticky Flame             Fire/Alch      100%       2d15      1%          4
 Summon Blazeheart Golem  Fire/Summ      100%       N/A       1%          4
 Summon Lightning Spire   Summ/Air       91%        N/A       1%          4
 Vhi's Electric Charge    Tloc/Air       100%       N/A       1%          4
 Alistair's Intoxication  Alch           90%        N/A       1%          5
 Arcjolt                  Conj/Air       54%        1d64      1%          5
 Curse of Agony           Necr           100%       N/A       1%          5
 Fireball                 Conj/Fire      60%        3d23      1%          5
 Freezing Cloud           Conj/Ice/Air   55%        6-21      1%          5
 Iskenderun's Battlesphe  Conj           100%       2d15      1%          5
 Lee's Rapid Deconstruct  Erth           89%        3d39*     1%          5
 Metabolic Englaciation   Hex/Ice        52%        N/A       1%          5
 Silence                  Hex/Air        51%        N/A       1%          5
 Conjure Ball Lightning   Conj/Air       54%        3x3d20    1%          6
 Death Channel            Necr           64%        N/A       1%          6
 Eringya's Noxious Bog    Alch           68%        4d6       1%          6
 Sculpt Simulacrum        Ice/Alch       69%        N/A       1%          6
 Ozocubu's Refrigeration  Ice            58%        4d20      1%          7
 Orb of Destruction       Conj           52%        9d13      3%          7
 Summon Mana Viper        Hex/Summ       78%        N/A       4%          5
 Summon Forest            Summ/Tloc      36%        N/A       6%          5
 Spellforged Servitor     Conj/Summ      43%        N/A       14%         7
 Haunt                    Necr/Summ      51%        N/A       16%         7
 Dispersal                Tloc           40%        N/A       17%         6
 Gell's Gavotte           Tloc           40%        2d(29-43) 17%         6
 Enfeeble                 Hex            45%        N/A       36%         7
 Fire Storm               Conj/Fire      60%        8d15      38%         9
 Summon Cactus Giant      Summ           31%        N/A       45%         6
 Polar Vortex             Ice            58%        12d7*     56%         9
 Manifold Assault         Tloc           40%        N/A       61%         7
 Malign Gateway           Summ/Tloc      36%        N/A       80%         7
 Summon Hydra             Summ           31%        N/A       94%         7
 Disjunction              Tloc           40%        N/A       99%         8
 Summon Horrible Things   Summ           31%        N/A       100%        8
 Dragon's Call            Summ           31%        N/A       100%        9
 Borgnjor's Revivificati  Necr           Unusable   N/A       N/A         8

Dungeon Overview and Level Annotations

Branches:
Dungeon (15/15)            Temple (1/1) D:4            Lair (5/5) D:9
  Swamp (4/4) Lair:3       Spider (4/4) Lair:3        Slime (5/5) Lair:5
    Orc (2/2) D:9             Elf (3/3) Orc:2        Vaults (5/5) D:13
  Crypt (3/3) Vaults:3       Tomb (3/3) Crypt:3      Depths (0/4) D:15
 WizLab (visited)         Gauntlet (visited)

Altars:
Ashenzari
Cheibriados
Dithmenos
Fedhas
Gozag
Hepliaklqana
Kikubaaqudgha
Makhleb
Nemelex Xobeh
Okawaru
Qazlal
Ru
Sif Muna
Trog
Uskayaw
Vehumet
Wu Jian
Xom
Yredelemnul

Shops:
D:1 !   D:7 !   D:8 ?   D:11 [   D:13 (   Orc:2 =!(?   Elf:1 ?   Elf:2 !
Elf:3 =([([   Vaults:1 (   Vaults:2 (*   Vaults:5 [

Portals:
Pandemonium: Orc:2

Annotations:
D:7 1 runed translucent door, tlatlagkaus's ghost, novice BaBr
Lair:2 1 runed translucent door, AmazingTV's ghost, journeyman TrNe
Swamp:3 3 runed translucent doors, Silenth's ghost, adept KoHu; Suryr's ghost, adept GnHW; Zatibaps's ghost, journeyman FeAl; xfalz's ghost, journeyman GnSk


Innate Abilities, Weirdness & Mutations

Your natural rate of healing is accelerated.
You have razor-sharp teeth.
You have supernaturally acute eyesight. (SInv)
You are afflicted with vampirism and can become a bat while bloodless.
Your spells are a little harder to cast, but a little more powerful.


Message History

Unknown command.
You feel yourself speed up.
The zombie hands constrict Koisch.
Koisch escapes!
Foruuqiq calls on the powers of darkness!
Your body is wracked with pain!
The Killer Klown convulses! x2
The shock serpent convulses!
The Killer Klown convulses!
The shock serpent's electric aura discharges, shocking Foruuqiq!
The Killer Klown pies you viciously!
The klown pie is repelled.
Jeur engulfs you! Jeur drowns you!!!
* * * LOW HITPOINT WARNING * * *
Foruuqiq calls on the powers of darkness!
The Killer Klown convulses!
Your body is wracked with pain!
* * * LOW HITPOINT WARNING * * *
The shock serpent convulses!
The Killer Klown convulses! x2
The shock serpent's electric aura discharges, shocking Foruuqiq!
The Killer Klown blinks!
A fenstrider witch comes into view.
The Killer Klown pies you viciously! The klown pie hits you!
Blueberry!
An unnatural silence engulfs you.
* * * LOW HITPOINT WARNING * * *
An iron troll comes into view.
Magic scrolls do not work when you're silenced!
Unknown command.
Unknown command.
Unknown command.
You feel much better. Jeur engulfs you. Jeur drowns you!!
* * * LOW HITPOINT WARNING * * *
The shock serpent shoots out a bolt of lightning at you!
The bolt of electricity is repelled.
Foruuqiq calls on the powers of darkness!
The Killer Klown convulses!
Your body is wracked with pain!
* * * LOW HITPOINT WARNING * * *
The fenstrider witch convulses!
The shock serpent convulses!
The iron troll convulses!
The Killer Klown convulses! x2
A protean progenitor comes into view.
The Killer Klown blinks!
The shock serpent shoots out a bolt of lightning at you!
The bolt of electricity hits you. You resist.
* * * LOW HITPOINT WARNING * * *
Jeur engulfs you!!
You die...

▓▓▓▓▓▓▓▓▓▓▓▓.........
▓....................
▓.................)..
▓....................
▓...................†
▓...................T
▓..................H.
▓∩...........@..&.§.&
▓............&..§S..t
▓...................C
▓....................
▓....................
▓...................p
▓....................
▓▓▓▓▓▓▓▓▓▓▓▓.....p...


You could see Foruuqiq, Jeur, Koisch, 2 Killer Klowns, an iron troll, a protean
progenitor, a fenstrider witch, a shock serpent (fast, strong) and an apocalypse
crab.

Vanquished Creatures
  the Royal Jelly (Slime:5)
  Frederick (Crypt:2)
  6 dread liches
  2 ancient liches
  Sojobo (Vaults:4)
  22 royal mummies
  Boris (twice) (Crypt:1 Tomb:1)
  2 Killer Klowns
  A caustic shrike (Zig:18)
  3 golden dragons
  Arachne (Spider:3)
  4 pearl dragons (Zig:12)
  An electric golem (WizLab)
  Norris (Elf:3)
  A Tzitzimitl (Zig:8)
  A Brimstone Fiend (Zig:8)
  2 pandemonium lords
  2 iron giants (Zig:18)
  3 tentacled monstrosities
  Jorgrun (Elf:1)
  An Ice Fiend (Zig:9)
  4 Hell Sentinels (Zig:18)
  A shard shrike skeleton (Crypt:3)
  4 liches
  21 acid blobs
  4 titans
  2 deep elf master archers (Elf:3)
  6 sphinxes
  2 deep elf blademasters (Elf:3)
  Frances (D:14)
  6 ancient champions
  A tentacled starspawn (Zig:5)
  5 thorn hunters
  8 tengu reavers
  Donald (Spider:1)
  2 protean progenitors (Zig:21)
  Kirke (Lair:5)
  4 rockslimes
  5 draconian monks
  19 nagarajas
  3 daevas (Zig:12)
  9 azure jellies
  A nargun (Zig:9)
  Roxanne (Elf:2)
  5 shadow dragons (Vaults:5)
  11 revenants
  2 fire giants (shapeshifter) (Zig:21)
  6 fenstrider witches
  5 frost giants
  5 emperor scorpions
  2 fire giants
  9 draconian knights
  14 vault wardens
  7 deep elf sorcerers (Elf:3)
  4 curse skulls
  6 draconian scorchers
  14 ghouls
  2 draconian shifters
  2 hydra zombies (Swamp:4)
  3 deep elf elementalists (Elf:3)
  2 ghost moths (Spider:4)
  The ghost of myxocpahck the Severer, a journeyman HOCA of Ignis (Spider:2)
  3 angels
  4 iron dragons
  2 draconian annihilators (Zig:14)
  2 reapers (Zig:15)
  A caustic shrike skeleton (Zig:20)
  A demonspawn blood saint (Zig:8)
  3 very ugly things
  9 vampire knights
  11 stone giants
  2 broodmothers (Spider:4)
  5 orc warlords
  4 draconian stormcallers
  4 formless jellyfish
  9 quicksilver oozes
  18 ironbound preservers
  2 apis (Zig:12)
  4 ophanim (Zig:12)
  3 green draconians (Zig:17)
  10 deep elf annihilators
  9 deep elf death magi
  3 eleionomae
  4 bunyips
  4 yellow draconians
  4 wendigos (Zig:9)
  2 spark wasps
  7 purple draconians
  4 white draconians
  A black draconian (Zig:14)
  3 red draconians
  11 ironbound thunderhulks
  A minotaur (Gauntlet)
  10 bennus (Tomb:3)
  8 deep elf demonologists
  Azrael (D:15)
  5 war gargoyles
  17 dire elephants
  The ghost of Ozzieoiler the Eclecticist, a journeyman OnNe of Vehumet (D:12)
  6 ettins (Vaults:5)
  An iron golem (Zig:18)
  10 eidola
  A green death (Zig:13)
  7 entropy weavers
  2 shambling mangroves
  22 mummy priests
  10 crystal guardians
  Josephine (Lair:4)
  5 jiangshi
  7 deep elf high priests
  A fire dragon (Lair:5)
  32 vault guards
  8 great orbs of eyes
  15 yaktaur captains
  8 peacekeepers
  A spriggan zombie (Crypt:2)
  8 ghost crabs
  2 radroaches
  14 salamander tyrants
  5 ogre magi
  A spriggan skeleton (Crypt:2)
  A catoblepas (D:15)
  2 demonspawn (Orc:2)
  20 alligators
  2 anacondas (Zig:19)
  19 death yaks
  9 hydras
  7 ironbound frosthearts
  3 centaur warriors
  2 jorogumos
  3 death knights
  12 two-headed ogres
  12 dancing weapons
  9 boulder beetles
  2 sphinx zombies
  13 death scarabs
  A deep troll earth mage (Vaults:5)
  2 tengu warriors
  13 vampire magi
  13 demonic crawlers
  2 thrashing horrors
  7 naga sharpshooters
  A titan zombie (Crypt:2)
  A shock serpent (shapeshifter) (Vaults:5)
  5 orc high priests
  2 naga warriors (Zig:16)
  6 shock serpents
  12 deep elf knights
  2 hell knights (Vaults:5)
  4 soul eaters
  Sonja (Lair:2)
  A fire crab (Zig:2)
  A titan skeleton (Tomb:3)
  An iron troll (Zig:11)
  3 shadow wraiths
  23 skeletal warriors
  3 skysharks
  5 pharaoh ants
  15 deep elf archers
  A spatial maelstrom (Zig:5)
  2 cherubim (Zig:12)
  An orb spider (shapeshifter) (Vaults:5)
  2 salamander mystics
  9 goliath frogs
  8 arcanists
  A sun moth (Spider:4)
  4 spectral hydras (Swamp:4)
  6 spriggan druids
  8 swamp dragons
  56 deep trolls
  8 thermic dynamos
  10 orb spiders
  9 lindwurms
  A sun moth (shapeshifter) (Vaults:5)
  13 flayed ghosts
  A mana viper (shapeshifter) (Vaults:5)
  7 bog bodies
  4 obsidian statues
  4 orange crystal statues
  7 steelbarb worms
  A lindwurm (shapeshifter) (Vaults:5)
  20 phantasmal warriors
  22 deep elf pyromancers
  A shadow dragon zombie (Crypt:2)
  A bunyip skeleton (Tomb:3)
  2 naga ritualists (Zig:19)
  20 ironbound convokers
  3 obsidian bats
  21 deep elf zephyrmancers
  7 orc knights
  A broodmother zombie (Crypt:1)
  5 necromancers
  3 manticores
  29 wolf spiders
  2 lightning spires (WizLab)
  A cyclops (shapeshifter) (Zig:4)
  A stone giant zombie (Vaults:1)
  13 orc sorcerers
  32 ugly things
  4 oklob plants
  9 shining eyes
  3 will-o-the-wisps
  A large abomination (Zig:8)
  6 cyclopes
  An elephant (shapeshifter) (Vaults:5)
  A stone giant skeleton (Crypt:3)
  A frost giant skeleton (Vaults:1)
  4 moths of wrath
  An eye of devastation (Slime:4)
  An ice statue (Zig:18)
  A meliai (Spider:2)
  6 kobold blastminers
  16 elephants
  A fire giant skeleton (Crypt:1)
  4 guardian serpents
  3 salamanders
  A rust devil (Orc:2)
  7 naga magi
  4 molten gargoyles
  Joseph (D:8)
  3 smoke demons
  14 gargoyles
  18 vault sentinels
  24 black mambas
  A centaur skeleton (Tomb:3)
  Jeremiah (D:8)
  Maggie (D:8)
  11 cane toads
  9 torpor snails
  A yaktaur zombie (Vaults:1)
  3 dire elephant skeletons
  2 naga skeletons (Crypt:2)
  6 rime drakes
  An efreet (Zig:2)
  A pale draconian zombie (Crypt:1)
  44 guardian mummies
  12 komodo dragons
  An alligator snapping turtle skeleton (Tomb:1)
  3 kobold demonologists
  16 yaktaurs
  A black draconian skeleton (Crypt:1)
  3 tengu conjurers (D:15)
  A tormentor (Zig:5)
  13 freezing wraiths
  An ice devil (Gauntlet)
  A yaktaur skeleton (Vaults:1)
  3 red devils (Orc:2)
  A red draconian skeleton (Crypt:2)
  A bloated husk (Swamp:3)
  4 tyrant leeches
  2 tengu simulacra
  6 polar bears
  31 jumping spiders
  9 trolls
  Prince Ribbit (D:8)
  A glass eye (shapeshifter) (Zig:4)
  A guardian serpent zombie (Crypt:1)
  14 tarantellas
  An iron dragon simulacrum (Zig:9)
  14 hornets
  14 blink frogs
  A satyr zombie (Crypt:2)
  7 dream sheep (Lair:2)
  A hydra skeleton (Swamp:4)
  3 harpy skeletons
  A raiju (Zig:5)
  2 glass eyes (Slime:5)
  78 slime creatures
  16 culicivoras
  14 wraiths
  6 shadows
  10 spriggans
  3 vampires
  4 air elementals (Elf:1)
  16 ushabtiu
  9 wyverns
  A ynoxinul (Zig:8)
  8 fire elementals
  44 yaks
  6 fire dragon skeletons
  18 humans (D:13)
  Eustachio (D:4)
  10 basilisks
  2 hogs (Lair:5)
  2 wargs
  31 redbacks
  2 steam dragons
  9 vampire mosquitoes
  An elf simulacrum (Vaults:1)
  2 nagas
  A chaos spawn (Orc:2)
  11 swamp worms
  Edmund (D:5)
  23 water moccasins
  A hydra simulacrum (Swamp:4)
  2 acid dragons
  A naga zombie (Tomb:3)
  4 hell hounds (Lair:5)
  A deep troll skeleton (Crypt:1)
  A swamp worm (shapeshifter) (Vaults:5)
  2 sky beasts (D:8)
  7 swamp drakes
  2 swamp dragon zombies (Swamp:4)
  A glowing shapeshifter skeleton (Zig:20)
  15 laughing skulls
  2 hornet zombies (Crypt:2)
  An ice beast (D:8)
  50 orc warriors
  22 ogres
  6 boggarts
  3 human skeletons
  4 centaurs
  11 wolves
  2 phantoms (D:4)
  9 bullfrogs
  A vine stalker zombie (Crypt:2)
  4 kobold brigands
  A gnoll sergeant (D:9)
  3 scorpions
  An elf skeleton (Crypt:2)
  11 earth elementals
  18 wights
  A shapeshifter zombie (Crypt:1)
  A human simulacrum (Vaults:2)
  16 killer bees
  6 howler monkeys
  4 electric eels
  A bombardier beetle (D:4)
  4 lava snakes (Lair:5)
  A gnoll bouda (D:5)
  A hound (D:5)
  10 jellies
  25 orc priests
  2 sleepcaps
  7 iguanas
  22 orc wizards
  7 hell rats (Lair:5)
  Ijyb (D:5)
  31 mummies
  17 gnolls
  6 adders
  2 swamp drake zombies (Swamp:4)
  3 swamp drake skeletons (Swamp:4)
  2 shadow imps
  4 white imps (Gauntlet)
  2 ufetubi (D:6)
  A lava snake zombie (Crypt:1)
  3 dart slugs
  3 ribbon worms (D:2)
  68 orcs
  11 bats
  7 endoplasms
  5 giant cockroaches
  12 goblins
  7 hobgoblins
  3 quokkas
  4 ball pythons
  4 frilled lizards
  14 kobolds
  An orc zombie (Crypt:1)
  5 rats
  4 aspiring fleshes (Zig:21)
  A starspawn tentacle (Zig:5)
2446 creatures vanquished.

Vanquished Creatures (collateral kills)
  7 royal mummies (Zig:20)
  A caustic shrike zombie (Zig:20)
  4 mummy priests (Zig:20)
  A sphinx skeleton (Zig:20)
  A storm dragon skeleton (Zig:20)
  A golden dragon skeleton (Zig:20)
  An iron dragon zombie (Zig:20)
  3 iron dragon skeletons (Zig:20)
  5 guardian mummies (Zig:20)
  4 ushabtiu (Zig:20)
  8 mummies (Zig:20)
36 creatures vanquished.

Vanquished Creatures (others)
  An Executioner (Zig:8)
  An angel (Zig:8)
  A demonspawn blood saint (Zig:8)
  A spark wasp (Spider:4)
  A bog body (Swamp:1)
  A rust devil (Zig:8)
  A hellwing (Zig:8)
  A slime creature (shapeshifter) (Zig:21)
  3 humans (Lair:5)
  4 foxfires
  A starspawn tentacle (Zig:5)
16 creatures vanquished.

Grand Total: 2498 creatures vanquished

Notes
Turn   | Place    | Note
-------+----------+-------------------------------------------
     0 | D:1      | tlatlagkaus the Vampire Hunter began the quest for the Orb.
     0 | D:1      | Reached XP level 1. HP: 16/16 MP: 1/1
   145 | D:1      | Reached XP level 2. HP: 23/23 MP: 2/2
   182 | D:1      | Found Zunolube's Distillery.
   374 | D:1      | Gained mutation: You are afflicted with vampirism and can
                  | become a bat while bloodless. [Vampire growth]
   374 | D:1      | Reached XP level 3. HP: 29/29 MP: 3/3
   835 | D:2      | Learned a level 2 spell: Momentum Strike
   841 | D:2      | Reached XP level 4. HP: 37/37 MP: 4/4
   926 | D:2      | Found a faded altar of an unknown god.
  1805 | D:4      | Reached skill level 1 in Spellcasting
  1805 | D:4      | Reached skill level 1 in Translocations
  1805 | D:4      | Reached XP level 5. HP: 29/42 MP: 6/6
  1849 | D:4      | Reached skill level 1 in Conjurations
  2043 | D:4      | Noticed a phantom
  2071 | D:4      | Killed a phantom
  2072 | D:4      | Reached XP level 6. HP: 48/48 MP: 7/9
  2176 | D:4      | Reached skill level 1 in Evocations
  2207 | D:4      | Found a staircase to the Ecumenical Temple.
  2220 | Temple   | Entered the Ecumenical Temple
  2230 | Temple   | Became a worshipper of Vehumet
  2523 | D:4      | Reached XP level 7. HP: 53/53 MP: 11/11
  2610 | D:4      | Noticed Eustachio
  2625 | D:4      | Killed Eustachio
  2720 | D:5      | Entered Level 5 of the Dungeon
  2844 | D:5      | You fall into a shaft and drop 3 floors!
  2847 | D:7      | Noticed tlatlagkaus's ghost (novice BaBr)
  2847 | D:7      | Found a runed translucent door.
  2969 | D:6      | Reached * piety under Vehumet
  2969 | D:6      | Offered knowledge of Magic Dart by Vehumet.
  2972 | D:6      | Learned a level 1 spell: Magic Dart
  2975 | D:6      | Learned a level 2 spell: Blink
  3036 | D:6      | Reached XP level 8. HP: 40/60 MP: 6/14
  3132 | D:6      | Reached skill level 1 in Air Magic
  3268 | D:6      | Found a stormy altar of Qazlal.
  3268 | D:6      | Found a blossoming altar of Fedhas.
  3269 | D:6      | Found an ancient bone altar of Kikubaaqudgha.
  3284 | D:6      | Reached skill level 5 in Spellcasting
  3342 | D:5      | Noticed Ijyb
  3345 | D:5      | Killed Ijyb
  3451 | D:5      | Learned a level 5 spell: Borgnjor's Vile Clutch
  3590 | D:5      | Reached skill level 1 in Necromancy
  3655 | D:5      | Reached skill level 1 in Earth Magic
  3742 | D:5      | Noticed Edmund
  3749 | D:5      | Killed Edmund
  3869 | D:7      | Reached skill level 2 in Earth Magic
  3897 | D:7      | Found an iron altar of Okawaru.
  4001 | D:6      | Reached XP level 9. HP: 63/64 MP: 7/17
  4186 | D:7      | Offered knowledge of Sandblast by Vehumet.
  4187 | D:7      | Reached ** piety under Vehumet
  4194 | D:7      | Learned a level 1 spell: Sandblast
  4422 | D:7      | Reached skill level 3 in Earth Magic
  4552 | D:7      | Found Ecezougg's Distillery.
  4564 | D:7      | Bought a potion of degeneration for 12 gold pieces
  4564 | D:7      | Bought a potion of magic for 96 gold pieces
  4598 | D:7      | Reached skill level 5 in Conjurations
  4652 | D:7      | Reached skill level 4 in Earth Magic
  4783 | D:8      | Noticed Jeremiah
  4837 | D:8      | Killed Jeremiah
  4838 | D:8      | Reached skill level 5 in Earth Magic
  4895 | D:8      | Found Teiliynk's Magic Scroll Emporium.
  4898 | D:8      | Bought a scroll of enchant armour for 105 gold pieces
  4898 | D:8      | Bought a scroll of identify for 28 gold pieces
  4898 | D:8      | Bought a scroll of identify for 28 gold pieces
  4898 | D:8      | Bought a scroll of identify for 28 gold pieces
  4900 | D:8      | Identified a scroll of acquirement
  4902 | D:8      | Acquired the ring of the Philosopher {rC++ Will+ Int+6
                  | Dex+3}
  5044 | D:8      | Reached skill level 5 in Necromancy
  5059 | D:8      | Offered knowledge of Inner Flame by Vehumet.
  5064 | D:8      | Learned a level 3 spell: Inner Flame
  5150 | D:8      | Reached skill level 1 in Hexes
  5150 | D:8      | Reached XP level 10. HP: 64/71 MP: 8/20
  5245 | D:8      | Noticed Joseph
  5255 | D:8      | Killed Joseph
  5256 | D:8      | Reached skill level 1 in Fire Magic
  5289 | D:8      | Noticed Prince Ribbit
  5299 | D:8      | Killed Prince Ribbit
  5308 | D:8      | Reached *** piety under Vehumet
  5332 | D:8      | Noticed Maggie
  5340 | D:8      | Killed Maggie
  5342 | D:8      | Identified the ring "Geow Fahaxei" {rC+ Str+5}
  5782 | D:9      | Offered knowledge of Brom's Barrelling Boulder by Vehumet.
  5881 | D:9      | Reached skill level 5 in Dodging
  5890 | D:9      | Reached skill level 5 in Hexes
  5937 | D:9      | Noticed a two-headed ogre
  5947 | D:9      | Killed a two-headed ogre
  5995 | D:9      | Reached skill level 6 in Earth Magic
  6023 | D:9      | Found a sparkling altar of Nemelex Xobeh.
  6040 | D:9      | Found a shimmering altar of Xom.
  6238 | D:9      | Reached XP level 11. HP: 46/76 MP: 10/23
  6269 | D:9      | Reached **** piety under Vehumet
  6286 | D:9      | Offered knowledge of Hailstorm by Vehumet.
  6311 | D:9      | Learned a level 3 spell: Hailstorm
  6315 | D:9      | Learned a level 3 spell: Frozen Ramparts
  6319 | D:9      | Learned a level 3 spell: Ozocubu's Armour
  6362 | D:9      | Found a staircase to the Orcish Mines.
  6390 | D:9      | Found a staircase to the Lair.
  6475 | Lair:1   | Entered Level 1 of the Lair of Beasts
  6475 | Lair:1   | Noticed an oklob plant
  6475 | Lair:1   | Found a shimmering blue altar of Sif Muna.
  6496 | Lair:1   | Reached skill level 1 in Ice Magic
  6697 | Lair:1   | Reached skill level 7 in Earth Magic
  7093 | Lair:1   | Reached skill level 8 in Earth Magic
  7158 | Lair:2   | Noticed a boulder beetle
  7224 | Lair:2   | Killed a boulder beetle
  7225 | Lair:2   | Reached skill level 5 in Ice Magic
  7378 | Lair:3   | Reached XP level 12. HP: 23/83 MP: 14/25
  7428 | Lair:3   | Found a hole to the Spider Nest.
  7481 | Lair:3   | Noticed a death yak
  7508 | Lair:3   | Killed a death yak
  7509 | Lair:3   | Reached skill level 10 in Spellcasting
  7609 | Lair:3   | Reached ***** piety under Vehumet
  7611 | Lair:3   | Reached skill level 9 in Earth Magic
  7614 | Lair:3   | Offered knowledge of Freezing Cloud by Vehumet.
  7626 | Lair:3   | Learned a level 5 spell: Freezing Cloud
  7753 | Lair:3   | Found a staircase to the Swamp.
  7796 | Lair:3   | Identified the +6 falchion "Taymn" {heavy, rF+ rCorr Dex+6}
  7836 | Lair:3   | Noticed a death yak
  7836 | Lair:3   | Noticed a death yak
  7837 | Lair:3   | Noticed a death yak
  7849 | Lair:5   | Entered Level 5 of the Lair of Beasts
  7849 | Lair:5   | Noticed Kirke
  7849 | Lair:5   | Noticed a death yak
  7849 | Lair:5   | Noticed a death yak
  7849 | Lair:5   | Noticed a death yak
  7849 | Lair:5   | Noticed a death yak
  7895 | Lair:4   | Noticed Josephine
  8267 | Lair:5   | Reached skill level 10 in Earth Magic
  8371 | Lair:5   | Reached XP level 13. HP: 60/88 MP: 16/28
  8425 | Lair:5   | Killed Kirke
  8694 | Lair:5   | Offered knowledge of Orb of Destruction by Vehumet.
  8706 | Lair:5   | Identified the +9 quarterstaff "Rynku" {drain, rC+ Int+9}
  8734 | Lair:5   | Reached skill level 10 in Ice Magic
  8794 | Lair:5   | Found a large runed translucent door.
  8794 | Lair:5   | Found a large runed translucent door.
  8871 | Lair:5   | Noticed a fire dragon
  8883 | Lair:5   | Killed a fire dragon
  8890 | Lair:5   | Got an earthy gem with 1103 turns to spare
  8901 | Lair:5   | Learned a level 6 spell: Eringya's Noxious Bog
  8963 | Lair:5   | Found a staircase to the Slime Pits.
  9134 | Lair:4   | Reached skill level 1 in Alchemy
  9147 | Lair:4   | Killed Josephine
  9476 | Lair:3   | Reached skill level 5 in Alchemy
  9476 | Lair:3   | Reached XP level 14. HP: 76/94 MP: 23/31
  9596 | Lair:3   | Gained mutation: You are agile. (Dex +4, Str/Int -1)
                  | [potion of mutation]
  9596 | Lair:3   | Gained mutation: You are covered in fur. (AC +1) [potion of
                  | mutation]
  9760 | Lair:2   | You fall into a shaft and drop 2 floors!
  9807 | Lair:2   | Noticed Sonja
  9812 | Lair:2   | Killed Sonja
  9865 | Lair:2   | Offered knowledge of Bombard by Vehumet.
  9923 | Lair:2   | Found a runed translucent door.
  9980 | Lair:2   | Got Kenog's Elucidation of Flying Outbursts
  9982 | Lair:2   | Got Finas's Elucidation of Arson and Open Graves
  9991 | Lair:2   | Learned a level 6 spell: Bombard
 10078 | Lair:2   | Found a runed translucent door.
 10078 | Lair:2   | Found a shimmering altar of Xom.
 10078 | Lair:2   | Noticed AmazingTV's ghost (journeyman TrNe)
 10078 | Lair:2   | Identified the +8 demon whip of the Tiger {chaos, Int+4}
 10282 | D:9      | You fall into a shaft and drop 1 floor!
 10282 | D:10     | Entered Level 10 of the Dungeon
 10322 | D:11     | Found Ziovvos's Armour Shoppe.
 10344 | D:11     | Bought a +1 helmet of see invisible for 231 gold pieces
 10435 | D:12     | Found a gate leading to a gauntlet.
 10451 | Gauntlet | Entered a Gauntlet
 10451 | Gauntlet | Found a transporter.
 10451 | Gauntlet | Found a transporter.
 10455 | Gauntlet | Found a transporter.
 10455 | Gauntlet | Found a transporter.
 10485 | Gauntlet | Found a transporter.
 10487 | Gauntlet | Found a transporter.
 10495 | Gauntlet | Found a transporter.
 10495 | Gauntlet | Found a transporter.
 10528 | Gauntlet | Found a transporter.
 10549 | Gauntlet | Found a transporter.
 10600 | Gauntlet | Found a transporter.
 10601 | Gauntlet | Found a transporter.
 10737 | D:13     | Found Coot's Weapon Shop.
 10842 | D:15     | Entered Level 15 of the Dungeon
 11004 | D:15     | Reached skill level 11 in Earth Magic
 11207 | D:15     | Found a staircase to the Depths.
 11244 | D:15     | Got a smoky gem with 1348 turns to spare
 11353 | D:15     | Noticed Azrael
 11369 | D:15     | Killed Azrael
 11420 | D:15     | Found a broken altar of Ashenzari.
 11431 | D:15     | Reached XP level 15. HP: 94/100 MP: 30/32
 11450 | D:15     | Offered knowledge of Irradiate by Vehumet.
 11458 | D:15     | Learned a level 5 spell: Irradiate
 11553 | D:15     | Reached skill level 12 in Earth Magic
 11986 | D:14     | Noticed Frances
 11991 | D:14     | Killed Frances
 12345 | D:13     | Got the Meditations on Energetic Portals
 12382 | D:13     | Reached skill level 1 in Armour
 12382 | D:13     | Reached skill level 1 in Shields
 12397 | D:13     | Found a gate to the Vaults.
 12755 | D:13     | Reached ****** piety under Vehumet
 12924 | D:12     | Offered knowledge of Plasma Beam by Vehumet.
 12984 | D:12     | Found a runed translucent door.
 12991 | D:12     | Noticed a frost giant
 12991 | D:12     | Noticed Ozzieoiler's ghost (journeyman OnNe)
 13005 | D:12     | Killed a frost giant
 13272 | D:12     | Killed Ozzieoiler's ghost
 13725 | D:9      | Reached skill level 13 in Earth Magic
 13844 | D:10     | Got Zamutos's Volume of Adjuration and Congelation
 13946 | D:10     | Reached skill level 15 in Spellcasting
 14020 | Orc:1    | Entered Level 1 of the Orcish Mines
 14198 | Orc:1    | Found a bloodstained altar of Trog.
 14250 | Orc:2    | Entered Level 2 of the Orcish Mines
 14305 | Orc:1    | Offered knowledge of Starburst by Vehumet.
 14627 | Orc:2    | Found a staircase to the Elven Halls.
 14668 | Orc:2    | Reached XP level 16. HP: 106/106 MP: 28/35
 14742 | Orc:2    | Found Hagruugg's Distillery.
 14779 | Orc:2    | Found Satium's Magic Scroll Shop.
 14940 | Orc:2    | Reached skill level 5 in Shields
 15020 | Orc:2    | Reached skill level 10 in Alchemy
 15022 | Orc:2    | Found Ycydisef's Jewellery Shoppe.
 15022 | Orc:2    | Found Ogomepac's Antique Weapon Emporium.
 15023 | Orc:2    | Found a one-way gate leading to the halls of Pandemonium.
 15025 | Orc:2    | Bought an amulet of magic regeneration for 390 gold pieces
 15032 | Orc:2    | Bought a ring of wizardry for 390 gold pieces
 15032 | Orc:2    | Bought a ring of magical power for 260 gold pieces
 15073 | Orc:2    | Bought a scroll of teleportation for 48 gold pieces
 15073 | Orc:2    | Bought a scroll of immolation for 64 gold pieces
 15073 | Orc:2    | Bought a scroll of immolation for 64 gold pieces
 15073 | Orc:2    | Bought a scroll of immolation for 64 gold pieces
 15075 | Orc:2    | Bought a potion of magic for 96 gold pieces
 15075 | Orc:2    | Bought a potion of resistance for 120 gold pieces
 15181 | Swamp:1  | Entered Level 1 of the Swamp
 15223 | Swamp:1  | Reached skill level 14 in Earth Magic
 15336 | Swamp:2  | Noticed a thorn hunter
 15344 | Swamp:2  | Killed a thorn hunter
 15362 | Swamp:3  | Noticed a tentacled monstrosity
 15458 | Swamp:3  | Offered knowledge of Lehudib's Crystal Spear by Vehumet.
 15490 | Swamp:2  | Learned a level 8 spell: Lehudib's Crystal Spear
 15510 | Swamp:4  | Entered Level 4 of the Swamp
 15572 | Swamp:4  | Reached skill level 15 in Earth Magic
 15678 | Swamp:4  | Noticed a thorn hunter
 15785 | Swamp:4  | Noticed a thorn hunter
 15789 | Swamp:4  | Got Moasat's Magical Power and How To Use It
 15793 | Swamp:4  | Noticed a thorn hunter
 15816 | Swamp:4  | Learned a level 2 spell: Sublimation of Blood
 15831 | Swamp:4  | Found a basalt altar of Yredelemnul.
 15866 | Swamp:4  | Noticed a thorn hunter
 15915 | Swamp:4  | Killed a thorn hunter
 15943 | Swamp:4  | Killed a thorn hunter
 15944 | Swamp:4  | Reached XP level 17. HP: 99/111 MP: 28/36
 15951 | Swamp:4  | Found a blossoming altar of Fedhas.
 16001 | Swamp:4  | Got a mossy gem with 776 turns to spare
 16007 | Swamp:4  | Got a decaying rune of Zot
 16186 | Swamp:3  | Killed a tentacled monstrosity
 16228 | Swamp:3  | Found a runed translucent gate.
 16229 | Swamp:3  | Found a runed translucent gate.
 16230 | Swamp:3  | Found a runed translucent gate.
 16231 | Swamp:3  | Noticed Zatibaps's ghost (journeyman FeAl)
 16231 | Swamp:3  | Noticed Silenth's ghost (adept KoHu)
 16231 | Swamp:3  | Noticed Suryr's ghost (adept GnHW)
 16231 | Swamp:3  | Noticed xfalz's ghost (journeyman GnSk)
 16290 | Swamp:3  | Offered knowledge of Shatter by Vehumet.
 16290 | Swamp:3  | Offered knowledge of Chain Lightning by Vehumet.
 16290 | Swamp:3  | Offered knowledge of Maxwell's Capacitive Coupling by
                  | Vehumet.
 16531 | Swamp:2  | Reached skill level 16 in Earth Magic
 16909 | Spider:1 | Entered Level 1 of the Spider Nest
 16926 | Spider:1 | Noticed Donald
 16935 | Spider:1 | Killed Donald
 16991 | Spider:2 | Gained mutation: You are frail. (-10% HP) [mutagenic glow]
 17003 | Spider:2 | Lost mutation: You are covered in fur. (AC +1) [potion of
                  | mutation]
 17003 | Spider:2 | Lost mutation: You are frail. (-10% HP) [potion of
                  | mutation]
 17003 | Spider:2 | Lost mutation: You are agile. (Dex +4, Str/Int -1) [potion
                  | of mutation]
 17003 | Spider:2 | Gained mutation: You have an increased reservoir of magic.
                  | (+10% MP) [potion of mutation]
 17003 | Spider:2 | Gained mutation: You are clumsy. (Dex -2) [potion of
                  | mutation]
 17003 | Spider:2 | Gained mutation: You sometimes lose your temper in combat.
                  | [potion of mutation]
 17004 | Spider:2 | Lost mutation: You are clumsy. (Dex -2) [potion of
                  | mutation]
 17004 | Spider:2 | Lost mutation: You have an increased reservoir of magic.
                  | (+10% MP) [potion of mutation]
 17004 | Spider:2 | Lost mutation: You sometimes lose your temper in combat.
                  | [potion of mutation]
 17004 | Spider:2 | Gained mutation: Your magical capacity is low. (-10% MP)
                  | [potion of mutation]
 17004 | Spider:2 | Gained mutation: You are partially covered in iridescent
                  | scales. (AC +2) [potion of mutation]
 17005 | Spider:2 | Lost mutation: Your magical capacity is low. (-10% MP)
                  | [potion of mutation]
 17005 | Spider:2 | Lost mutation: You are partially covered in iridescent
                  | scales. (AC +2) [potion of mutation]
 17005 | Spider:2 | Gained mutation: Your spells are a little harder to cast,
                  | but a little more powerful. [potion of mutation]
 17005 | Spider:2 | Gained mutation: You have sharp toenails. [potion of
                  | mutation]
 17005 | Spider:2 | Gained mutation: You have razor-sharp toenails. [potion of
                  | mutation]
 17228 | Spider:3 | Noticed Arachne
 17234 | Spider:3 | Killed Arachne
 17331 | Spider:4 | Entered Level 4 of the Spider Nest
 17598 | Spider:4 | Reached skill level 17 in Earth Magic
 17598 | Spider:4 | Reached skill level 5 in Evocations
 17654 | Spider:4 | Reached XP level 18. HP: 104/117 MP: 12/39
 17911 | Spider:4 | Got a milky-white gem with 1289 turns to spare
 17915 | Spider:4 | Got a gossamer rune of Zot
 18039 | Spider:4 | Identified the +7 chain mail of Wajuij {+Inv rElec Int-5}
 18588 | Spider:2 | Found a runed translucent gate.
 18588 | Spider:2 | Found a runed translucent gate.
 18588 | Spider:2 | Found a runed translucent gate.
 18590 | Spider:2 | Noticed myxocpahck's ghost (journeyman HOCA)
 18915 | Spider:2 | Killed myxocpahck's ghost
 18933 | Spider:2 | Identified the +0 cloak "Umoxzel" {rF- rCorr Str+2}
 19040 | Spider:1 | You fall into a shaft and drop 1 floor!
 19085 | Spider:1 | Reached skill level 18 in Earth Magic
 19307 | Spider:1 | Learned a level 5 spell: Alistair's Intoxication
 19471 | Elf:1    | Entered Level 1 of the Elven Halls
 19489 | Elf:1    | Noticed Jorgrun
 19494 | Elf:1    | Killed Jorgrun
 19559 | Elf:1    | Found Fimoh's Magic Scroll Boutique.
 19641 | Elf:2    | Reached skill level 5 in Fighting
 19646 | Elf:2    | Noticed Roxanne
 19653 | Elf:2    | Killed Roxanne
 19671 | Elf:3    | Entered Level 3 of the Elven Halls
 19680 | Elf:3    | Found Xudwy's Antique Weapon Shoppe.
 19683 | Elf:3    | Found Vuuj's Jewellery Boutique.
 19725 | Elf:3    | Found Feihues's Antique Armour Emporium.
 19735 | Elf:3    | Bought a runed cloak for 172 gold pieces
 19779 | Elf:3    | Found Bokyixzu's Antique Armour Shop.
 19801 | Elf:3    | Found Debecwom's Weapon Emporium.
 19809 | Elf:3    | Noticed Norris
 19817 | Elf:3    | Reached skill level 19 in Earth Magic
 19842 | Elf:3    | Killed Norris
 19944 | Elf:3    | Identified the amulet "Cuytwiri" {rF+ RegenMP+ Str-5 Int+8
                  | SInv}
 19973 | Elf:3    | Reached XP level 19. HP: 126/126 MP: 24/41
 20069 | Elf:3    | Noticed a Tzitzimitl
 20122 | Elf:3    | Gained mutation: You are clumsy. (Dex -2) [a neqoxec]
 20131 | Elf:3    | Lost mutation: You have razor-sharp toenails. [potion of
                  | mutation]
 20131 | Elf:3    | Lost mutation: Your spells are a little harder to cast, but
                  | a little more powerful. [potion of mutation]
 20131 | Elf:3    | Lost mutation: You are clumsy. (Dex -2) [potion of
                  | mutation]
 20131 | Elf:3    | Gained mutation: You occasionally lose the ability to drink
                  | potions when taking damage. [potion of mutation]
 20274 | Elf:3    | Reached skill level 20 in Earth Magic
 20429 | Elf:3    | Identified the staff of Basyzi Warchi {Int+4 Earth Alchemy}
 20434 | Elf:3    | Identified the +6 mace of Pucug {distort, *Noise Fly Str+3}
 20434 | Elf:3    | Identified the +2 leather armour of the Trombone {rF+ rC+
                  | Int+4}
 20439 | Elf:3    | Identified the +7 mace of Conscience {protect, rElec
                  | Will+++ Str+3 Stlth-}
 20439 | Elf:3    | Identified the ring "Iruzot" {MP+9 Int+5}
 20453 | Elf:3    | Identified the +2 cloak "Himuzone" {Slay+4}
 20487 | Elf:3    | Identified the +2 ring mail of the Nightingale {rC+ Will+}
 20516 | Elf:3    | Identified the staff "Udduenok" {rF+ rN+ Str+3 SInv Earth}
 20532 | Elf:3    | Got a shimmering gem with 692 turns to spare
 20541 | Elf:3    | Identified the +5 ring mail of the Original Sin {+Inv
                  | Regen+ Str+3}
 20610 | Elf:3    | Bought the +3 hat of Pondering {ponderous, Will+ MP+10
                  | Int+5} for 1219 gold pieces
 20610 | Elf:3    | Found the +3 hat of Pondering {ponderous, Will+ MP+10
                  | Int+5}
 20745 | Elf:2    | Found Zuliv's Distillery.
 21203 | Elf:1    | Bought 2 scrolls of fog for 144 gold pieces
 21276 | Elf:1    | Found a stormy altar of Qazlal.
 21411 | Elf:1    | Found an ancient bone altar of Kikubaaqudgha.
 21725 | Vaults:1 | Entered Level 1 of the Vaults
 21808 | Vaults:1 | Found a magical portal.
 21813 | WizLab   | Entered Maxwell's Workshop
 21876 | WizLab   | Reached skill level 5 in Armour
 21918 | WizLab   | Reached skill level 21 in Earth Magic
 21951 | WizLab   | Identified the ring "Mocuh" {Int+6 Stlth+}
 21977 | WizLab   | Identified the amulet "Yneluaps" {Acrobat Int+2}
 22002 | WizLab   | Noticed an electric golem
 22015 | WizLab   | Killed an electric golem
 22146 | WizLab   | Identified the ring "Dongoom" {Ice rElec Int+2 Stlth+}
 22158 | WizLab   | Reached XP level 20. HP: 133/133 MP: 42/42
 22168 | WizLab   | Learned a level 9 spell: Shatter
 22257 | Vaults:1 | Found Fafufooc's Antique Weapon Boutique.
 22363 | Vaults:2 | Reached skill level 22 in Earth Magic
 22449 | Vaults:2 | Found Muilaek's General Store.
 22745 | Vaults:3 | Reached skill level 23 in Earth Magic
 23111 | Vaults:5 | Entered Level 5 of the Vaults
 23113 | Vaults:5 | Reached skill level 24 in Earth Magic
 23113 | Vaults:5 | Reached XP level 21. HP: 141/141 MP: 43/43
 23129 | Vaults:5 | Noticed a dread lich
 23131 | Vaults:5 | Killed a dread lich
 23132 | Vaults:5 | Reached skill level 10 in Fighting
 23132 | Vaults:5 | Identified the ring "Giorph" {Fly rElec rC+ rCorr}
 23135 | Vaults:5 | Noticed a golden dragon
 23141 | Vaults:5 | Identified the +5 mace of Mayhem {freeze, *Rage rPois
                  | Int+3}
 23236 | Vaults:5 | Identified the +7 war axe of Broken Luck {holy, rN+ Str+5
                  | Dex-3}
 23248 | Vaults:5 | Got a silver rune of Zot
 23252 | Vaults:5 | Got a shining gem with 2500 turns to spare
 23283 | Vaults:5 | Learned a level 5 spell: Yara's Violent Unravelling
 23420 | Vaults:5 | Got the Encyclopedia of Vehement Mischance
 23439 | Vaults:5 | Noticed a golden dragon
 23445 | Vaults:5 | Killed a golden dragon
 23504 | Vaults:5 | Got the Encyclopedia of Company
 23636 | Vaults:5 | Found Suath's Antique Armour Shop.
 23644 | Vaults:5 | Killed a golden dragon
 23657 | Vaults:5 | Found the +0 cloak of the Thief {Quiet Slay-3 SInv Stlth+}
 23711 | Vaults:5 | Identified the +2 long sword "Omuural" {flame, rPois Dex+2}
 24149 | Vaults:4 | Reached XP level 22. HP: 146/159 MP: 44/44
 24234 | Vaults:4 | Noticed Sojobo
 24241 | Vaults:4 | Paralysed by an air elemental for 1 turns
 24243 | Vaults:4 | Killed Sojobo
 24274 | Vaults:4 | Learned a level 8 spell: Ignition
 24279 | Vaults:4 | Identified the +8 falchion "Refom" {flame, Int+5}
 24580 | Vaults:3 | Reached skill level 25 in Earth Magic
 24583 | Vaults:3 | Noticed an ancient lich
 24585 | Vaults:3 | Killed an ancient lich
 24721 | Vaults:3 | Found a staircase to the Crypt.
 24947 | Vaults:2 | Found Osibbim's Weapon Shoppe.
 25659 | Vaults:1 | Reached skill level 5 in Fire Magic
 25828 | Crypt:1  | Entered Level 1 of the Crypt
 25835 | Crypt:1  | Identified the +4 robe of Undesirable Species {+Blink}
 25835 | Crypt:1  | Noticed Boris
 25839 | Crypt:1  | Killed Boris
 25934 | Crypt:2  | Identified the orb "Juaririt" {light, rPois Tloc}
 25934 | Crypt:2  | Noticed Frederick
 25937 | Crypt:2  | Killed Frederick
 25947 | Crypt:3  | Entered Level 3 of the Crypt
 25964 | Crypt:2  | Noticed a dread lich
 25965 | Crypt:2  | Killed a dread lich
 25966 | Crypt:2  | Reached XP level 23. HP: 124/132 MP: 47/47
 25976 | Crypt:2  | Got Sif Muna's Encyclopedia of Profane Rituals
 26226 | Crypt:3  | Reached skill level 10 in Fire Magic
 26270 | Crypt:3  | Got an ivory gem with 1371 turns to spare
 26282 | Crypt:3  | Found a staircase to the Tomb.
 26288 | Crypt:3  | Got the Information on Black Magic
 26342 | Crypt:3  | Noticed an ancient lich
 26346 | Crypt:3  | Killed an ancient lich
 26565 | Crypt:3  | Identified the ring of the Ancient Geomancers {rN++ AC+4
                  | Dex+2}
 26565 | Crypt:3  | Identified the ring "Naaheom" {Wiz *Corrode ^Drain rElec
                  | rN++ Int+5}
 26717 | Tomb:1   | Entered Level 1 of the Tomb of the Ancients
 26762 | Tomb:1   | Noticed a royal mummy
 26762 | Tomb:1   | Noticed a royal mummy
 26765 | Tomb:1   | Killed a royal mummy
 26765 | Tomb:1   | Killed a royal mummy
 26768 | Tomb:1   | Noticed a royal mummy
 26773 | Tomb:1   | Noticed a royal mummy
 26774 | Tomb:1   | Killed a royal mummy
 26776 | Tomb:1   | Killed a royal mummy
 26815 | Tomb:1   | Noticed a royal mummy
 26819 | Tomb:1   | Killed a royal mummy
 26825 | Tomb:1   | Noticed a royal mummy
 26831 | Tomb:1   | Killed a royal mummy
 26881 | Tomb:1   | Identified the +4 robe of the Unicorn {rN++ Will+++ Str-4
                  | Int+4 Dex-3}
 26881 | Tomb:1   | Noticed Boris
 26885 | Tomb:1   | Killed Boris
 26956 | Tomb:1   | Noticed a royal mummy
 26962 | Tomb:1   | Killed a royal mummy
 27007 | Tomb:1   | Noticed a royal mummy
 27017 | Tomb:1   | Killed a royal mummy
 27045 | Tomb:1   | Noticed a royal mummy
 27049 | Tomb:1   | Killed a royal mummy
 27230 | Tomb:3   | Entered Level 3 of the Tomb of the Ancients
 27259 | Tomb:3   | Noticed a royal mummy
 27261 | Tomb:3   | Noticed a royal mummy
 27263 | Tomb:3   | Killed a royal mummy
 27264 | Tomb:3   | Reached XP level 24. HP: 93/137 MP: 47/47
 27264 | Tomb:3   | Killed a royal mummy
 27264 | Tomb:3   | Noticed a royal mummy
 27265 | Tomb:3   | Noticed a royal mummy
 27267 | Tomb:3   | Noticed a royal mummy
 27268 | Tomb:3   | Killed a royal mummy
 27268 | Tomb:3   | Killed a royal mummy
 27268 | Tomb:3   | Noticed a royal mummy
 27269 | Tomb:3   | Killed a royal mummy
 27270 | Tomb:3   | Killed a royal mummy
 27271 | Tomb:3   | Reached skill level 15 in Fire Magic
 27271 | Tomb:3   | Noticed a royal mummy
 27272 | Tomb:3   | Noticed a royal mummy
 27273 | Tomb:3   | Killed a royal mummy
 27274 | Tomb:3   | Killed a royal mummy
 27274 | Tomb:3   | Noticed a royal mummy
 27279 | Tomb:3   | Killed a royal mummy
 27302 | Tomb:3   | Got a sanguine gem with 1171 turns to spare
 27304 | Tomb:3   | Got a golden rune of Zot
 27399 | Tomb:3   | Identified the ring of Hiuclile {rC+ Will+ rCorr Int+2 SInv
                  | Stlth-}
 27402 | Tomb:3   | Identified the +3 sling "Veokurao" {antimagic, Will+ Dex+3}
 27414 | Tomb:3   | Identified the amulet of Xoczoaly {Spirit rElec rN+ Will-
                  | Int+2}
 27454 | Tomb:3   | Got Xieryna's Atlas of Nebulous Incineration
 27604 | Tomb:3   | Identified the +1 mace of Exku {pain, *Rage rElec rN+++
                  | Dex-5}
 27891 | Crypt:2  | Found a basalt altar of Yredelemnul.
 28767 | Slime:1  | Entered Level 1 of the Pits of Slime
 28887 | Slime:5  | Entered Level 5 of the Pits of Slime
 28941 | Slime:5  | Reached skill level 10 in Dodging
 28943 | Slime:5  | Noticed the Royal Jelly
 28949 | Slime:5  | Paralysed by a formless jellyfish for 1 turns
 28951 | Slime:5  | Killed the Royal Jelly
 28964 | Slime:5  | Identified the +2 pair of boots of Good Intentions {rC+
                  | rCorr}
 28991 | Slime:5  | Identified the ring of Detiq {Wiz rF+}
 29016 | Slime:5  | Found the +10 morningstar "Eos" {elec, Halo rElec}
 29026 | Slime:5  | Got a slimy rune of Zot
 29028 | Slime:5  | Got a starry gem with 355 turns to spare
 29439 | Zig:1    | Entered Level 1 of a ziggurat
 29453 | Zig:2    | Entered Level 2 of a ziggurat
 29470 | Zig:3    | Entered Level 3 of a ziggurat
 29486 | Zig:3    | Acquired 1094 gold pieces
 29488 | Zig:3    | Acquired a manual of Long Blades
 29490 | Zig:3    | Acquired the +2 pair of gloves of Wisdom {Str+5}
 29505 | Zig:4    | Entered Level 4 of a ziggurat
 29508 | Zig:4    | Noticed a Killer Klown
 29510 | Zig:4    | Killed a Killer Klown
 29536 | Zig:5    | Entered Level 5 of a ziggurat
 29580 | Zig:6    | Entered Level 6 of a ziggurat
 29586 | Zig:6    | Reached skill level 5 in Air Magic
 29596 | Zig:6    | Identified the +6 acid dragon scales "Rili" {Will+ rCorr
                  | SInv}
 29598 | Zig:7    | Entered Level 7 of a ziggurat
 29629 | Zig:8    | Entered Level 8 of a ziggurat
 29639 | Zig:8    | Noticed Waurimod the pandemonium lord
 29647 | Zig:8    | Killed Waurimod the pandemonium lord
 29653 | Zig:8    | Identified the ring "Hepi" {rN+ rCorr Str+2 Int-5}
 29682 | Zig:9    | Entered Level 9 of a ziggurat
 29694 | Zig:9    | Reached XP level 25. HP: 177/177 MP: 47/47
 29699 | Zig:9    | Found the macabre finger necklace {Finger+ rN+}
 29699 | Zig:9    | Found the +5 scythe "Finisher" {speed, execute}
 29705 | Zig:9    | Got the Compendium of Arenous Destiny
 29706 | Zig:9    | Identified the ring "Tymee" {Wiz rPois rF+ rN+}
 29720 | Zig:10   | Entered Level 10 of a ziggurat
 29730 | Zig:10   | Noticed a dread lich
 29733 | Zig:10   | Noticed a dread lich
 29734 | Zig:10   | Killed a dread lich
 29735 | Zig:10   | Killed a dread lich
 29738 | Zig:10   | Found the +13 scythe of Curses {drain, curses, ^Drain}
 29750 | Zig:11   | Entered Level 11 of a ziggurat
 29786 | Zig:11   | Learned a level 8 spell: Maxwell's Capacitive Coupling
 29788 | Zig:12   | Entered Level 12 of a ziggurat
 29828 | Zig:12   | Identified the +9 dagger "Tefaabio" {distort, rPois Str+2
                  | Dex+3}
 29845 | Zig:13   | Entered Level 13 of a ziggurat
 29858 | Zig:13   | Reached skill level 10 in Air Magic
 29882 | Zig:13   | Identified the +0 pair of gloves of the Depths {rCorr
                  | Slay+4 Stlth-}
 29883 | Zig:13   | Identified the +4 ring mail "Pugg" {rPois Slay+2}
 29885 | Zig:13   | Got Qavva's Directory of Weathered Firn
 29887 | Zig:13   | Identified the ring of Winter {Fire rElec Dex+2}
 29903 | Zig:14   | Entered Level 14 of a ziggurat
 29949 | Zig:14   | Learned a level 1 spell: Apportation
 29956 | Zig:15   | Entered Level 15 of a ziggurat
 29965 | Zig:15   | Noticed a dread lich
 29966 | Zig:15   | Noticed a dread lich
 29967 | Zig:15   | Killed a dread lich
 29967 | Zig:15   | Killed a dread lich
 29975 | Zig:15   | Reached skill level 10 in Evocations
 30013 | Zig:15   | Got Tuorr's Cyclopedia of Fateful Accompaniment
 30019 | Zig:16   | Entered Level 16 of a ziggurat
 30043 | Zig:16   | Reached XP level 26. HP: 163/186 MP: 48/48
 30075 | Zig:16   | Learned a level 8 spell: Infestation
 30076 | Zig:17   | Entered Level 17 of a ziggurat
 30096 | Zig:17   | Reached skill level 10 in Necromancy
 30131 | Zig:17   | Identified the staff "Enwismuve" {*Corrode rElec rF++ rN+
                  | Stlth+ Air}
 30135 | Zig:17   | Lost mutation: You have sharp toenails. [potion of
                  | mutation]
 30135 | Zig:17   | Lost mutation: You occasionally lose the ability to drink
                  | potions when taking damage. [potion of mutation]
 30135 | Zig:17   | Gained mutation: Your spells are a little harder to cast,
                  | but a little more powerful. [potion of mutation]
 30136 | Zig:17   | Reached XP level 27. HP: 192/192 MP: 48/48
 30141 | Zig:18   | Entered Level 18 of a ziggurat
 30185 | Zig:18   | Got the Book of Ceraunoscopy and Incineration
 30192 | Zig:18   | Got Kyodaet's Notes on Glacial Accompaniment
 30195 | Zig:18   | Identified the +7 arbalest of Eqoop {freeze, ^Fragile rPois
                  | Will+++ Int+3}
 30217 | Zig:18   | Identified the staff "Rozamm" {rPois rC+ Int+2 Alchemy}
 30222 | Zig:19   | Entered Level 19 of a ziggurat
 30277 | Zig:19   | Identified the ring of Koeduc {rF+ Will++ Str-4 Slay+3}
 30286 | Zig:20   | Entered Level 20 of a ziggurat
 30298 | Zig:20   | Noticed a royal mummy
 30298 | Zig:20   | Noticed a royal mummy
 30300 | Zig:20   | Killed a royal mummy
 30300 | Zig:20   | Noticed a royal mummy
 30302 | Zig:20   | Killed a royal mummy
 30305 | Zig:20   | Killed a royal mummy
 30305 | Zig:20   | Noticed a royal mummy
 30305 | Zig:20   | Noticed a royal mummy
 30308 | Zig:20   | Killed a royal mummy
 30308 | Zig:20   | Killed a royal mummy
 30308 | Zig:20   | Noticed a royal mummy
 30308 | Zig:20   | Noticed a royal mummy
 30309 | Zig:20   | Noticed a royal mummy
 30310 | Zig:20   | Noticed a royal mummy
 30316 | Zig:20   | Killed a royal mummy
 30317 | Zig:20   | Killed a royal mummy
 30321 | Zig:20   | Killed a royal mummy
 30322 | Zig:20   | Killed a royal mummy
 30322 | Zig:20   | Noticed a royal mummy
 30326 | Zig:20   | Killed a royal mummy
 30329 | Zig:20   | Noticed a royal mummy
 30333 | Zig:20   | Killed a royal mummy
 30364 | Zig:20   | Found the +7 Spriggan's Knife {stab, EV+4 Stlth+}
 30375 | Zig:20   | Identified the staff "Rido" {rPois Will+ Int+5 Dex+2
                  | Alchemy}
 30377 | Zig:20   | Identified the +6 war axe of the Eternal Warrior {heavy,
                  | rC+ rCorr Dex-2}
 30383 | Zig:20   | Identified the +2 leather armour of Uron {^Drain rElec rC-
                  | rCorr Stlth+}
 30394 | Zig:20   | Learned a level 8 spell: Maxwell's Capacitive Coupling
 30395 | Zig:21   | Entered Level 21 of a ziggurat
 30407 | Zig:21   | Noticed Ihuxo the pandemonium lord
 30410 | Zig:21   | Killed Ihuxo the pandemonium lord
 30410 | Zig:21   | Noticed Jeur the pandemonium lord
 30411 | Zig:21   | Reached skill level 15 in Necromancy
 30414 | Zig:21   | Noticed Koisch the pandemonium lord
 30416 | Zig:21   | Noticed Foruuqiq the pandemonium lord
 30418 | Zig:21   | HP: 10/201 [??? (4)]
 30418 | Zig:21   | HP: 4/201 [shock serpent/bolt of electricity[a protean
                  | progenitor] (6)]
 30418 | Zig:21   | Demolished by Jeur the pandemonium lord

Illustrated notes

Levels and vault maps discovered:
D:1:      ebering_hopf_link, layout_basic, serial_shops,
          nicolae_shop_behind_doors, serial_bayou_lagoon_a,
          chequers_serial_rivers_micro_b
D:2:      layout_basic, ebering_ecumenical_altar_petrified, nrook_campfire,
          lightli_corner_chamber
D:3:      layout_loops_ring, minivault_25, minmay_misc_feat_tiny, dk_vineyard_2,
          serial_park_tiny_2
D:4:      layout_loops_corners, minmay_temple_entry_mist, roderic_batcave,
          nicolae_nh_ransacked_shop, uniq_eustachio
D:5:      layout_gridville, corexii_checkpoint, uniq_ijyb, uniq_edmund
D:6:      layout_rooms, chequers_temple_overflow_statue_of_worship,
          amcnicky_mini_rare_corridor_liquid
D:7:      layout_basic, okawaru_trees_2, serial_shops, nicolae_diamond_shop,
          hellmonk_ghost_happy_afterlife
D:8:      layout_loops_ring, serial_shops, nicolae_shop_rolled_up,
          nicolae_benzene_ring, uniq_prince_ribbit1, uniq_maggie, uniq_joseph,
          uniq_jeremiah
D:9:      layout_cave_pods, nicolae_overflow_quartered_altars,
          david_lair_shrubbed, hiddenorc1_lemuel, hangedman_decor_diamond_cutter
D:10:     layout_basic
D:11:     layout_rooms, serial_shops, shop
D:12:     layout_stronghold, ebering_ghost_inner_flame, gauntlet_entry_generic
D:13:     layout_irregular_city, grunt_vaults_entry_tiered, serial_shops,
          nicolae_take_the_stairs
D:14:     layout_basic, uniq_frances
D:15:     hangedman_depths_entry_try_elsewhere_first, layout_loops_ring,
          evilmike_ruin_ashenzari, uniq_azrael
Temple:   compressed_dpeg_circular_temple
Lair:1:   layout_regular_city, lemuel_oklob_altar
Lair:2:   gammafunk_lair_enchanted_lake, layout_gridlike, ebering_ghost_xom,
          st_stairs_4, uniq_sonja
Lair:3:   layout_cave_shapes, minmay_swamp_entry_reptiles,
          nicolae_spider_entry_tight_spaces
Lair:4:   layout_regular_city, cheibrodos_lair_reptile_den, uniq_josephine
Lair:5:   cheibrodos_lair_end_hotspot, layout_layer_cave, slime_entry_1,
          uniq_kirke
Swamp:1:  layout_falls_marsh, hangedman_swamp_ruin_wall,
          infiniplex_staircase_pool_2
Swamp:2:  layout_basic_swamp, evilmike_swamp_ruin_rubble_2, swamp_pool_1_2,
          nicolae_swamp_little_swirl
Swamp:3:  layout_basic_swamp, gammafunk_ghost_cemetery,
          evilmike_swamp_ruin_rubble_1, infiniplex_staircase_pool
Swamp:4:  byrel_swamp_growth_death_and_undeath, layout_basic_swamp
Spider:1: nicolae_spider_mines_3, uniq_donald
Spider:2: layout_chambers, gammafunk_ghost_tricky_traps
Spider:3: layout_cave_pods, hangedman_spider_tarantella_strand, uniq_arachne
Spider:4: guppyfry_spider_rune, nicolae_spider_nook
Slime:1:  nicolae_slime_pool, layout_caves
Slime:2:  layout_caves
Slime:3:  nicolae_slime_jelly_donut, layout_caves
Slime:4:  layout_caves
Slime:5:  slime_pit_nicolae_trefoil
Orc:1:    layout_caves, basic_altar, nicolae_orc_crystal_geode
Orc:2:    pf_orc_diabolical, layout_caves, einodemon_armed_red_devil_minivault
Elf:1:    nicolae_elf_arrival_aired_out, layout_loops_cross, serial_shops, shop,
          guppyfry_elf_altar, nicolae_elf_altarnating, uniq_jorgrun
Elf:2:    elven_hall_of_blades_hangedman_alternative [nicolae_blade_lattice],
          layout_geoelf_diagonals, serial_shops,
          nicolae_shop_just_a_little_nook, uniq_roxanne
Elf:3:    elf_hall, layout_rooms, serial_shops,
          nicolae_shop_tiny_real_fake_doors, shop, nicolae_shop_gaudy_bauble,
          shop, nicolae_shop_tiny_statue_garden, uniq_norris
Vaults:1: mu_enter_wizlab_2, v_rooms_4, vaults_room_fancy_cross,
          nicolae_vaults_statue_guard, vaults_mumra_hex,
          nicolae_vaults_surprise_closet, layout_vaults_chaotic_city,
          serial_shops, nicolae_shop_tiny_glass
Vaults:2: nicolae_vaults_double_plus_2, v_misc_9, vaults_room_stairs_pillars,
          nicolae_vaults_diamond_1, nicolae_vaults_taking_the_gang_shopping,
          ontoclasm_vaults_chip, vaults_room_stairs_pillars, v_pattern_4,
          ontoclasm_vaults_loading_screen, ontoclasm_vaults_decontamination,
          nicolae_vaults_circle_grid_a, nicolae_vaults_security_offices_1,
          layout_vaults_omnigrid, serial_glass, serial_shops,
          nicolae_shop_real_fake_doors, uniq_margery
Vaults:3: vaults_room_boxed, nicolae_vaults_sesquioval_fish,
          minmay_crypt_entry_simple_statues, v_alt_pattern_1,
          nicolae_vaults_storage_closets_2, ontoclasm_vaults_pinch,
          dpeg_vaults_monster_row, v_misc_19, nicolae_vaults_more_shelving_1,
          nicolae_vaults_crenellated_ambush, nicolae_vaults_gold_heap,
          layout_vaults_omnicross
Vaults:4: vaults_mumra_lcd, hangedman_vaults_nodes, nicolae_vaults_what_the_h,
          hangedman_vaults_river_flow, nicolae_vaults_surprise_closet,
          nicolae_vaults_frosty_reception, v_pattern_1,
          nicolae_vaults_shelves_hall, nicolae_vaults_little_ls,
          nicolae_vaults_diagonal_hallway_9, nicolae_vaults_trapezoid_3,
          layout_vaults_ring, uniq_sojobo
Vaults:5
Crypt:1:  layout_chaotic_city, grunt_ministairs_8,
          serial_library_hellmonk_u_bend, uniq_boris
Crypt:2:  layout_basic, special_room [special_room_morgue],
          weyrava_vampire_temple, uniq_frederick
Crypt:3:  quadcrypt_mu
Tomb:1
Tomb:2
Tomb:3
Zig:21

Skill      XL: |  1  2  3  4  5  6  7  8  9 10 11 12 13 14 15 16 17 18 19 20 21 22 23 24 25 26 27 |
---------------+----------------------------------------------------------------------------------+-----
Fighting       | 2 3 5 6 10 13 | 13.1
Spellcasting   | 1 2 3 4 5 6 8 9 11 13 15 17 18 20 21 23 | 23.0
Translocations | 1 2 3 |  3.0
Conjurations   | 1 2 3 4 5 6 8 |  8.0
Evocations     | 1 2 5 10 | 10.0
Stealth        | 4 |  4.0
Air Magic      | 1 7 10 | 10.0
Necromancy     | 2 5 7 8 11 15 | 15.0
Earth Magic    | 2 5 6 8 10 11 13 15 17 19 21 24 25 | 25.0
Dodging        | 3 5 8 10 | 10.0
Hexes          | 1 5 |  5.0
Fire Magic     | 1 8 14 17 | 17.2
Ice Magic      | 5 8 10 | 10.9
Alchemy        | 5 8 9 10 | 10.0
Armour         | 3 4 5 6 |  6.4
Shields        | 4 5 |  5.0
Ranged Weapons | |  3.2

Action                     |  1- 3 |  4- 6 |  7- 9 | 10-12 | 13-15 | 16-18 | 19-21 | 22-24 | 25-27 || total
---------------------------+-------+-------+-------+-------+-------+-------+-------+-------+-------++-------
  Melee: Spear             |    23 |    18 |       |       |       |       |       |       |       ||    41
         Bite              |     3 |     8 |    12 |    16 |    28 |    22 |     2 |     1 |       ||    92
         Short sword       |       |    62 |       |       |       |       |       |       |       ||    62
         Whip              |       |     5 |   131 |   117 |       |       |       |       |       ||   253
         Flail             |       |       |     1 |       |       |       |       |       |       ||     1
         Falchion          |       |       |       |    13 |   173 |   103 |     4 |       |       ||   293
         Unarmed           |       |       |       |       |     4 |       |       |       |       ||     4
         Staff             |       |       |       |       |       |       |     5 |     6 |       ||    11
   Fire: Shortbow          |    80 |    27 |       |       |       |       |       |       |       ||   107
         Orcbow            |       |       |     1 |       |       |       |       |       |       ||     1
  Throw: Dart              |       |    27 |    10 |    12 |     4 |     4 |     1 |     2 |       ||    60
   Cast: Momentum Strike   |       |     5 |    65 |    27 |     9 |       |       |       |       ||   106
         Magic Dart        |       |       |    70 |    48 |     8 |       |       |       |       ||   126
         Sandblast         |       |       |    48 |   174 |   108 |   109 |    22 |     8 |       ||   469
         Borgnjor's Vile C |       |       |       |    32 |    37 |    99 |    46 |     5 |     2 ||   221
         Inner Flame       |       |       |       |     7 |    15 |     1 |       |       |       ||    23
         Blink             |       |       |       |     3 |     3 |     6 |       |     1 |       ||    13
         Frozen Ramparts   |       |       |       |    31 |    42 |    34 |     5 |       |       ||   112
         Hailstorm         |       |       |       |     8 |    12 |     1 |       |       |       ||    21
         Ozocubu's Armour  |       |       |       |     7 |    14 |     9 |     2 |     1 |       ||    33
         Freezing Cloud    |       |       |       |    10 |    48 |    68 |    10 |       |       ||   136
         Bombard           |       |       |       |       |    34 |   212 |   176 |    37 |     1 ||   460
         Eringya's Noxious |       |       |       |       |    48 |    73 |     1 |       |       ||   122
         Irradiate         |       |       |       |       |    11 |    53 |    11 |     4 |     1 ||    80
         Sublimation of Bl |       |       |       |       |       |    24 |    74 |    21 |     4 ||   123
         Alistair's Intoxi |       |       |       |       |       |     5 |    14 |       |       ||    19
         Lehudib's Crystal |       |       |       |       |       |       |    84 |   165 |     4 ||   253
         Shatter           |       |       |       |       |       |       |    95 |   183 |    81 ||   359
         Yara's Violent Un |       |       |       |       |       |       |       |     9 |     2 ||    11
         Ignition          |       |       |       |       |       |       |       |    60 |    40 ||   100
         Infestation       |       |       |       |       |       |       |       |       |     4 ||     4
Ability: Exsanguinate      |       |       |       |       |     1 |       |       |     1 |       ||     2
         Revivify          |       |       |       |       |     1 |       |       |     1 |       ||     2
  Evoke: Wand              |       |     2 |    18 |    25 |    12 |     6 |     2 |     1 |       ||    66
         Tin of tremorston |       |       |       |       |       |     2 |     1 |       |       ||     3
         Figurine of a zig |       |       |       |       |       |       |       |     1 |       ||     1
    Use: Scroll            |       |     3 |    10 |     5 |    21 |    10 |    12 |    10 |     4 ||    75
         Potion            |       |       |       |     1 |     1 |     8 |     1 |    11 |    12 ||    34
   Stab: Sleeping          |       |     1 |       |       |     3 |       |       |       |       ||     4
         Confused          |       |       |       |       |       |     1 |       |       |       ||     1
 Armour: Leather armour    |    31 |    56 |   155 |   239 |   219 |       |       |       |       ||   700
         Skin              |       |       |       |     8 |     4 |       |       |       |       ||    12
         Troll leather arm |       |       |       |       |    47 |   307 |    21 |       |       ||   375
         Ring mail         |       |       |       |       |       |       |    57 |   104 |    31 ||   192
  Dodge: Dodged            |    15 |    36 |   130 |   200 |   319 |   287 |    56 |    57 |    15 ||  1115
         Repelled          |       |       |       |       |       |    11 |    30 |    11 |    14 ||    66
  Block: Buckler           |       |       |       |       |    18 |   133 |    31 |    44 |     8 ||   234

Table legend: (Time is in decaauts)
 A = Elapsed time spent in this place.
 B = Non-inter-level travel time spent in this place.
 C = Inter-level travel time spent in this place.
 D = Time resting spent in this place.
 E = Time spent auto-exploring this place.
 F = Levels seen in this place.
 G = Mean time per level.
                   A        B        C        D        E       F      G
               +--------+--------+--------+--------+--------+-----+--------+
         Total |  33215 |  30139 |   3076 |      0 |      0 |  73 |  455.0 |
       Dungeon |  11197 |   9880 |   1317 |      0 |      0 |  15 |  746.5 |
        Temple |     20 |     20 |      0 |      0 |      0 |   1 |   20.0 |
          Lair |   4530 |   4010 |    520 |      0 |      0 |   5 |  906.0 |
         Swamp |   2046 |   1963 |     83 |      0 |      0 |   4 |  511.5 |
   Spider Nest |   2607 |   2404 |    203 |      0 |      0 |   4 |  651.8 |
    Slime Pits |    376 |    376 |      0 |      0 |      0 |   5 |   75.2 |
  Orcish Mines |   1419 |   1175 |    244 |      0 |      0 |   2 |  709.5 |
   Elven Halls |   2105 |   1918 |    187 |      0 |      0 |   3 |  701.7 |
        Vaults |   4235 |   3876 |    359 |      0 |      0 |   5 |  847.0 |
         Crypt |   1789 |   1647 |    142 |      0 |      0 |   3 |  596.3 |
          Tomb |   1088 |   1071 |     17 |      0 |      0 |   3 |  362.7 |
      Ziggurat |   1103 |   1103 |      0 |      0 |      0 |  21 |   52.5 |
        Wizlab |    417 |    417 |      0 |      0 |      0 |   1 |  417.0 |
      Gauntlet |    276 |    276 |      0 |      0 |      0 |   1 |  276.0 |
               +--------+--------+--------+--------+--------+-----+--------+

Top non-repeatable levels by time:
  Lair:5: 1145 daAuts
     D:9: 1138 daAuts
     D:4: 1136 daAuts
   Orc:2: 1088 daAuts
Vaults:3: 1080 daAuts
  Lair:1: 1022 daAuts
     D:7: 1022 daAuts
     D:8: 1018 daAuts
   Elf:3: 1013 daAuts
  Lair:3: 996 daAuts
Vaults:2: 972 daAuts
 Crypt:3: 959 daAuts
    D:14: 896 daAuts
    D:15: 878 daAuts
 Swamp:4: 847 daAuts
